 Dungeon Crawl Stone Soup version 0.24.0-13-gcf9b319 (webtiles) character file.

Game seed: 9966514148307991285, levelgen mode: deterministic

277 Bronimir the Digger (level 6, -2/42 HPs)
             Began as a Formicid Earth Elementalist on Mar 31, 2020.
             Slain by Pikel
             ... wielding a +1 whip of electrocution
              (13 damage)
             ... on level 4 of the Dungeon.
             The game lasted 00:12:23 (5243 turns).

Bronimir the Digger (Formicid Earth Elementalist)   Turns: 5243, Time: 00:12:24

Health: -2/42      AC:  5    Str: 15    XL:     6   Next: 50%
Magic:  9/12       EV: 12    Int: 14    God:
Gold:   216        SH:  0    Dex: 11    Spells: 3/13 levels left

rFire    . . .     SeeInvis +   a - +0 halberd
rCold    . . .     Gourm    .   (no shield)
rNeg     . . .     Faith    .   m - +0 leather armour
rPois    .         Spirit   .   (helmet unavailable)
rElec    .         Reflect  .   (no cloak)
rCorr    .         Harm     .   j - +1 pair of gloves
MR       .....                  (no boots)
Stlth    ++........             (no amulet)
HPRegen  0.14/turn              y - ring of flight
MPRegen  0.13/turn              (no ring)

@: very slightly contaminated
A: permanent stasis, dig shafts and tunnels, four strong arms, antennae 3
a: Dig, Shaft Self, Evoke Flight


You were on level 4 of the Dungeon.
You were hungry.

You visited 1 branch of the dungeon, and saw 4 of its levels.

You collected 216 gold pieces.

Inventory:

Hand Weapons
 a - a +0 halberd (weapon)
 b - a +0 hunting sling
 e - a +0 club
 x - a +0 hand axe
Missiles
 g - 60 arrows
 k - 30 stones (quivered)
 o - 21 bolts
 v - 46 sling bullets
Armour
 c - a +0 robe
 j - a +1 pair of gloves (worn)
 m - a +0 leather armour (worn)
 p - a +0 ring mail
Jewellery
 y - a ring of flight (left hand)
Wands
 q - a wand of flame (18)
Scrolls
 t - 3 scrolls of identify
Potions
 f - a potion of flight {unknown}
 h - 3 potions of brilliance
 i - a potion of degeneration {unknown}
 l - a potion of lignification {unknown}
 n - a potion of mutation {unknown}
 s - 2 potions of heal wounds
 w - a potion of might
 z - a potion of curing {unknown}
Comestibles
 d - 3 rations


   Skills:
 + Level 0.7 Fighting
 + Level 1.4 Maces & Flails
 + Level 0.1 Polearms
 * Level 2.4 Armour
 + Level 2.0 Dodging
 - Level 2.4 Stealth
 * Level 4.1 Spellcasting
 + Level 0.5 Conjurations
 + Level 1.1 Transmutations
 * Level 5.3 Earth Magic


You had 3 spell levels left.
You knew the following spells:

 Your Spells              Type           Power        Failure   Level  Hunger
a - Sandblast             Erth           ###...       2%          1    None
b - Passwall              Tmut/Erth      ##......     10%         2    ##.....
c - Stone Arrow           Conj/Erth      ##....       22%         3    ###....
d - Petrify               Tmut/Erth      ##......     52%         4    ####...

Your spell library contained the following spells:

 Spells                   Type           Power        Failure   Level  Hunger
 Lee's Rapid Deconstruct  Erth           ###.......   58%         5    ######.


Dungeon Overview and Level Annotations

Branches:
Dungeon (4/15)
 Temple: D:4-7

Altars:
The Shining One

Annotations:
D:4 Pikel


Innate Abilities, Weirdness & Mutations

You cannot be hasted, slowed, berserked, paralysed or teleported.
You can dig through walls and to a lower floor.
Your four strong arms can wield two-handed weapons with a shield.
You have a pair of large antennae on your head. (SInv)


Message History

Confirm with . or Enter, or press ? or * to list all spells.
Aiming: Sandblast (safe; 2% risk of failure)
Press: ? - help, Shift-Dir - straight line, f/p - Pikel
Aim: Pikel, wielding a +1 whip of electrocution and wearing a +0 robe (unusually strong)
The blast of sand hits Pikel.
Pikel is lightly wounded.
k - 30 stones Pikel hits you but does no damage.
You are electrocuted!
The slave barely misses you.
Casting: Sandblast (safe; 2% risk of failure)
Confirm with . or Enter, or press ? or * to list all spells.
Aiming: Sandblast (safe; 2% risk of failure)
Press: ? - help, Shift-Dir - straight line, f/p - Pikel
Aim: Pikel, wielding a +1 whip of electrocution and wearing a +0 robe (lightly wounded, unusually strong)
You miscast Sandblast.
You are very lightly contaminated with residual magic.
Nothing appears to happen.
The slave hits you.
* * * LOW HITPOINT WARNING * * *
Pikel hits you with a +1 whip of electrocution!
You die...

... ....#.).#
#..##.......##
#...#........#
#...........#
#...........##
#...........# .(
#........>.#......
#..........#.....>.
#p@.[..............
#pKp.^............. ###
#.p................
#..####..................
#....##..................
#........................
##.............[.........
#.......##..............
##<......#####)......##.


You could see Pikel and 4 slaves.

Vanquished Creatures
  Jessica (D:2)
  A worker ant (D:4)
  10 adders
  4 gnolls
  A worm (D:2)
  2 dart slugs
  2 leopard geckos
  6 orcs
  A ball python (D:1)
  8 giant cockroaches
  11 goblins
  6 hobgoblins
  A quokka (D:2)
  10 bats
  6 frilled lizards
  4 kobolds
  18 rats
92 creatures vanquished.

Notes
Turn   | Place    | Note
-------+----------+-------------------------------------------
     0 | D:1      | Bronimir the Formicid Earth Elementalist began the quest
                  | for the Orb.
     0 | D:1      | Reached XP level 1. HP: 13/13 MP: 3/3
   107 | D:1      | Reached XP level 2. HP: 12/19 MP: 0/5
   323 | D:1      | Reached skill level 4 in Earth Magic
   806 | D:1      | Reached XP level 3. HP: 24/24 MP: 4/6
   903 | D:1      | Reached skill level 1 in Armour
   934 | D:1      | Learned a level 2 spell: Passwall
   938 | D:1      | Learned a level 3 spell: Stone Arrow
  1695 | D:2      | Reached XP level 4. HP: 25/31 MP: 0/8
  2271 | D:2      | Reached skill level 1 in Maces & Flails
  2276 | D:2      | Reached XP level 5. HP: 34/36 MP: 0/9
  2765 | D:2      | Noticed Jessica
  2784 | D:2      | Killed Jessica
  3064 | D:2      | Found a glowing golden altar of the Shining One.
  3228 | D:2      | Reached skill level 5 in Earth Magic
  3616 | D:3      | Reached XP level 6. HP: 42/42 MP: 4/11
  3989 | D:3      | Learned a level 4 spell: Petrify
  5218 | D:4      | Noticed a slave
  5220 | D:4      | Noticed a slave
  5220 | D:4      | Noticed a slave
  5221 | D:4      | Noticed a slave
  5222 | D:4      | Noticed Pikel
  5243 | D:4      | Slain by Pikel

Levels and vault maps discovered:
D:1:      erik_arrival_orb_chamber, layout_loops_ring
D:2:      layout_basic, lemuel_coloured_pillars_altar, uniq_jessica
D:3:      layout_basic, serial_curves, eino_curves_02, eino_curves_01,
          eino_curves_02
D:4:      layout_cave_pods, uniq_pikel

Skill      XL: |  1  2  3  4  5  6 |
---------------+-------------------+-----
Earth Magic    | 4 5 |  5.3
Armour         | 1 2 |  2.4
Spellcasting   | 3 4 |  4.1
Maces & Flails | 1 |  1.4
Dodging        | 2 |  2.0
Fighting       | |  0.7
Polearms       | |  0.1
Stealth        | |  2.4
Conjurations   | |  0.5
Transmutations | |  1.1

Action                   |  1- 3 |  4- 6 || total
-------------------------+-------+-------++-------
Melee: Unarmed           |    12 |       ||    12
       Club              |    58 |    41 ||    99
       Hand axe          |       |    11 ||    11
       Halberd           |       |    85 ||    85
 Cast: Sandblast         |    35 |    20 ||    55
       Stone Arrow       |     4 |    32 ||    36
  Use: Scroll            |       |     9 ||     9
 Stab: Sleeping          |     2 |     6 ||     8
  Eat: Chunk             |     4 |    11 ||    15
       Ration            |       |     1 ||     1
Armor: Robe              |    17 |    32 ||    49
       Leather armour    |       |    36 ||    36
Dodge: Dodged            |    62 |   133 ||   195
